 Dungeon Crawl Stone Soup version 0.31.0-11-ge490571c62 (webtiles) character file.

Game seed: 17099526755101760254

249 RancidPinata the Sneak (level 6, -1/43 HPs)
             Began as an Octopode Delver on Jan 29, 2024.
             Slain by an iguana (11 damage)
             ... on level 3 of the Dungeon.
             The game lasted 00:13:44 (3443 turns).

RancidPinata the Sneak (Octopode Delver)            Turns: 3443, Time: 00:13:44

Health: -1/43      AC:  1    Str: 14    XL:     6   Next: 12%
Magic:  6/6        EV: 14    Int: 18    God:
Gold:   153        SH:  0    Dex: 13    Spells: 5/5 levels left

rFire   . . .        a - +0 short sword
rCold   . . .        (no shield)
rNeg    . . .        (helmet restricted)
rPois   .            z - amulet of regeneration
rElec   .            n - +6 ring of intelligence
rCorr   .            o - ring of see invisible
SInv    +            (no ring)
Will    .....        (no ring)
Stlth   +++++        (no ring)
HPRegen 1.07/turn    (no ring)
MPRegen 0.10/turn    (no ring)
                     (no ring)

%: no passive effects
@: no status effects
A: almost no armour, amphibious, 8 rings, camouflage 1, gelatinous body 1,
(nimble swimmer 1), tentacles
a: no special abilities


You were on level 3 of the Dungeon.
You visited 1 branch of the dungeon, and saw 7 of its levels.

You collected 153 gold pieces.

Inventory:

Hand Weapons
 a - a +0 short sword (weapon)
Missiles
 k - 20 stones (quivered)
 v - 2 throwing nets
Magical Staves
 q - a staff of conjuration
 r - a staff of alchemy
Jewellery
 n - a +6 ring of intelligence (left tentacle)
 o - a ring of see invisible (right tentacle)
 z - an amulet of regeneration (around mantle)
Talismans
 t - a blade talisman
Wands
 f - a wand of digging (3)
Scrolls
 b - a scroll of fog
 c - 3 scrolls of revelation
 h - a scroll of silence {unknown}
 i - a scroll of poison {unknown}
 j - 5 scrolls of teleportation {unknown}
 l - a scroll of blinking {unknown}
 m - a scroll of summoning {unknown}
 s - 2 scrolls of brand weapon {unknown}
 w - a scroll of enchant armour {unknown}
 y - a scroll of identify {unknown}
Potions
 e - a potion of haste
 g - 3 potions of enlightenment {unknown}
 p - 4 potions of brilliance {unknown}
 u - 2 potions of curing {unknown}
 x - a potion of resistance {unknown}


   Skills:
 * Level 4.3 Fighting
 + Level 3.2 Short Blades
 * Level 3.8 Dodging
 + Level 7.5 Stealth
 + Level 0.4 Shapeshifting


You had 5 spell levels left.
You didn't know any spells.
Your spell library contained the following spells:

 Spells                   Type           Power      Damage    Failure   Level
 Foxfire                  Conj/Fire      0%         2x1d4     22%         1
 Hailstorm                Conj/Ice       0%         3d5       54%         3
 Summon Ice Beast         Ice/Summ       0%         N/A       54%         3
 Ignite Poison            Fire/Alch      0%         N/A       91%         4
 Petrify                  Alch/Erth      0%         N/A       91%         4
 Sticky Flame             Fire/Alch      0%         2d4       91%         4
 Bombard                  Conj/Erth      0%         9d1       100%        6
 Sculpt Simulacrum        Ice/Alch       0%         N/A       100%        6
 Ignition                 Fire           0%         3d3       100%        8
 Fire Storm               Conj/Fire      0%         5d1       100%        9


Dungeon Overview and Level Annotations

Branches:
Dungeon (7/15)
 Temple: D:4-7

Altars:
Gozag
Vehumet

Shops:
D:4 [:*[*

Annotations:
D:2 1 runed translucent door, Crazy Yiuf
D:4 Dowan, Duvessa


Innate Abilities, Weirdness & Mutations

You cannot wear most types of armour.
You are amphibious.
You can wear up to eight rings at the same time.
Your skin changes colour to match your surroundings (Stealth+).
Your rubbery body absorbs attacks. (AC +1, EV +1)
((You are camouflaged when in or above water. (Stealth+)))
You have tentacles for arms and can constrict up to eight enemies at once.


Message History

You constrict Duvessa, but do no damage.
Duvessa misses you.
You hit Duvessa but do no damage.
Duvessa is lightly wounded.
You constrict Duvessa, but do no damage.
Duvessa zaps a wand.
The puff of flame hits you!
You hit Duvessa.
Duvessa is lightly wounded.
You constrict Duvessa.
Duvessa says, "Practise, practise, practise!
One day you'll be as good as me."
Duvessa struggles to escape constriction.
You hit Duvessa but do no damage. You squeeze Duvessa.
Duvessa is lightly wounded.
You constrict Duvessa.
Duvessa zaps a wand.
The puff of flame hits you!
You release your grip on Duvessa.
Duvessa attacks as she pursues you! Duvessa hits you with a +0 rapier.
There is a stone staircase leading up here.
Dowan gestures wildly while chanting.
Dowan blinks!
Duvessa zaps a wand.
The puff of flame hits you!
You climb upwards.
There is a stone staircase leading down here.
You start resting.
HP restored.
There is an open door here.
There is an open door here.
There is a stone staircase leading down here.
There is a stone staircase leading down here.
You climb downwards.
Level annotation: Dowan, Duvessa The centaur shoots an arrow.
The arrow hits you! The iguana bites you.
The centaur shoots an arrow.
The arrow misses you.
There is a stone staircase leading up, spattered with blood here.
The centaur shoots an arrow.
The arrow misses you. The iguana bites you!
* * * LOW HITPOINT WARNING * * *
You climb upwards.
There is a stone staircase leading down here.
You closely miss the iguana. You grab the iguana. You squeeze the iguana!
The iguana is severely wounded.
You constrict the iguana. The iguana bites you!
You die...

######### #.......#
#.......# ###.......#
#.........#
############....l....#
................@....#
############.........###
#.........#.#
###.......#.#
###'#####.# #.# #.# #.#
#.# #.#####.# ##.......#


You could see an iguana.

Vanquished Creatures
  3 hounds
  An iguana (D:4)
  Robin (D:2)
  3 adders
  A shadow imp (D:6)
  A dart slug (D:2)
  2 ribbon worms
  4 orcs
  A bat (D:2)
  8 endoplasms
  2 giant cockroaches
  14 goblins
  12 hobgoblins
  6 kobolds
  2 quokkas
  A ball python (D:1)
  5 frilled lizards
  8 rats
75 creatures vanquished.

Notes
Turn   | Place    | Note
-------+----------+-------------------------------------------
     0 | D:5      | RancidPinata the Octopode Delver began the quest for the
                  | Orb.
     0 | D:5      | Reached XP level 1. HP: 16/16 MP: 1/1
    40 | D:6      | Noticed a hound
    46 | D:6      | Killed a hound
    47 | D:6      | Reached XP level 2. HP: 18/21 MP: 2/2
    47 | D:6      | Reached XP level 3. HP: 23/26 MP: 3/3
    91 | D:6      | Noticed a scorpion
   103 | D:6      | Reached skill level 7 in Stealth
   175 | D:5      | Noticed a black bear
   190 | D:5      | Reached XP level 4. HP: 33/33 MP: 4/4
   199 | D:4      | Noticed a phantom
   203 | D:4      | Found Boesch's Armour Boutique.
   360 | D:4      | Noticed a centaur
   488 | D:4      | Found Qyg Iroc's Book Shoppe.
   550 | D:4      | Reached XP level 5. HP: 37/37 MP: 5/5
   605 | D:4      | Found Hylaarph's Assorted Antiques.
   630 | D:4      | Found Zicijio's Armour Emporium.
   632 | D:4      | Noticed Dowan
   633 | D:4      | Noticed Duvessa
   700 | D:3      | Found an opulent altar of Gozag.
  1459 | D:2      | Found a radiant altar of Vehumet.
  1710 | D:2      | Got Oqeikeack's Elucidation of Calescent Tephra
  1843 | D:2      | Found a runed translucent door.
  1844 | D:2      | Noticed Crazy Yiuf
  1900 | D:2      | Noticed Robin
  1930 | D:2      | Killed Robin
  2129 | D:2      | Reached XP level 6. HP: 43/43 MP: 6/6
  2538 | D:1      | Found a faded altar of an unknown god.
  3170 | D:4      | Found Amurch's Assorted Antiques.
  3443 | D:3      | Slain by an iguana

Illustrated notes

Levels and vault maps discovered:
D:1:      dpeg_arrival_line_fractal, layout_basic,
          ebering_ecumenical_altar_petrified
D:2:      layout_loops_corners, basic_altar, uniq_crazy_yiuf_cottage, uniq_robin
D:3:      layout_basic, mainiacjoe_overflow_concentric_impassable
D:4:      layout_rooms, temple_hall, serial_shops, shop, nicolae_shop_trees,
          shop, shop, nicolae_lakefront_shop, uniq_duvessa
D:5:      layout_gridville, kennysheep_generic_room_16
D:6:      corexii_shack_village, layout_loops_corners
D:7:      layout_gridville, lemuel_coloured_pillars_altar, enter_bailey_3,
          dk_noncrumbling_3, minmay_puff

Skill      XL: |  1  2  3  4  5 |
---------------+----------------+-----
Stealth        | 7 |  7.5
Dodging        | 3 |  3.8
Fighting       | 4 |  4.3
Short Blades   | 3 |  3.2
Shapeshifting  | |  0.4

Action                     |  1- 3 |  4- 6 || total
---------------------------+-------+-------++-------
  Melee: Short sword       |    15 |   138 ||   153
         Tentacles         |     6 |    31 ||    37
         Constrict         |     4 |    34 ||    38
         Punch             |       |     3 ||     3
    Use: Scroll            |       |     1 ||     1
   Stab: Sleeping          |       |    25 ||    25
 Armour: Skin              |     7 |    47 ||    54
  Dodge: Dodged            |    12 |    83 ||    95
